 Dungeon Crawl Stone Soup version 0.30.1-4-g462c640d31 (webtiles) character file.

Game seed: 14899599504457695362

1437 Arctor the Chiller (level 9, -4/57 HPs)
             Began as a Human Ice Elementalist on Sept 17, 2023.
             Was an Initiate of Vehumet.
             Killed by divine providence
             ... invoked by an orc priest
              (18 damage)
             ... on level 7 of the Dungeon on Sept 18, 2023.
             The game lasted 00:13:10 (5979 turns).

Arctor the Chiller (Human Ice Elementalist)         Turns: 5979, Time: 00:13:11

Health: -4/57      AC:  3    Str:  8    XL:     9   Next: 3%
Magic:  12/25      EV: 14    Int: 27    God:    Vehumet [......]
Gold:   250        SH:  0    Dex: 13    Spells: 6/18 levels left

rFire   . . .        A - +1 dagger (drain)
rCold   . . .        (no shield)
rNeg    . . .        a - +1 robe
rPois   .            (no helmet)
rElec   .            g - scarf {harm}
rCorr   .            (no gloves)
SInv    .            (no boots)
Will    .....        r - amulet of the acrobat
Stlth   +++          q - +6 ring of intelligence
HPRegen 0.29/turn    l - ring of magical power
MPRegen 0.19/turn

%: harm (+30% outgoing, +20% incoming), acrobat
@: very slightly contaminated
A: no striking features
a: Renounce Religion


You were on level 7 of the Dungeon.
You worshipped Vehumet.
Vehumet was noncommittal.
You visited 2 branches of the dungeon, and saw 8 of its levels.

You collected 250 gold pieces.

Inventory:

Hand Weapons
 e - a +0 dagger
 A - a +1 dagger of draining (weapon)
Missiles
 G - 5 boomerangs (quivered)
 H - 5 poisoned darts
 L - 9 javelins
Armour
 a - a +1 robe (worn)
 g - a scarf of harm (worn)
 t - a scarf of invisibility
Jewellery
 d - a ring of wizardry
 l - a ring of magical power (right hand)
 q - a +6 ring of intelligence (left hand)
 r - an amulet of the acrobat (around neck)
 v - a ring of magical power
 J - a ring of ice
Scrolls
 h - a scroll of summoning {unknown}
 i - a scroll of enchant armour
 j - 3 scrolls of magic mapping
 k - 5 scrolls of teleportation
 u - a scroll of acquirement {unknown}
 w - a scroll of poison {unknown}
 x - a scroll of noise {unknown}
 y - 2 scrolls of fog {unknown}
 B - 3 scrolls of identify {unknown}
 C - a scroll of vulnerability {unknown}
 D - 2 scrolls of fear
 E - a scroll of enchant weapon {unknown}
 I - a scroll of immolation {unknown}
Potions
 b - a potion of magic
 c - a potion of cancellation {unknown}
 f - 2 potions of heal wounds {unknown}
 m - a potion of might {unknown}
 n - a potion of flight {unknown}
 o - a potion of invisibility {unknown}
 p - 2 potions of haste {unknown}
 s - a potion of lignification {unknown}
 z - 2 potions of curing
 F - a potion of brilliance {unknown}
 K - a potion of degeneration {unknown}


   Skills:
 + Level 5.5 Dodging
 + Level 6.0 Stealth
 + Level 5.1 Spellcasting
 + Level 6.5 Ice Magic
 + Level 0.7 Earth Magic


You had 6 spell levels left.
You knew the following spells:

 Your Spells              Type           Power      Damage    Failure   Level
a - Freeze                Ice            100%       1d10      1%          1
b - Frozen Ramparts       Ice            84%        1d13      1%          3
c - Ozocubu's Armour      Ice            42%        N/A       1%          3
d - Passwall              Tmut/Erth      6%         N/A       10%         2
e - Stone Arrow           Conj/Erth      16%        3d8       19%         3

Your spell library contained the following spells:

 Spells                   Type           Power      Damage    Failure   Level
 Sandblast                Erth           20%        2d7       5%          1
 Apportation              Tloc           12%        N/A       7%          1
 Summon Ice Beast         Ice/Summ       24%        N/A       19%         4
 Borgnjor's Vile Clutch   Necr/Erth      4%         N/A       86%         5
 Alistair's Intoxication  Tmut/Pois      4%         N/A       89%         5
 Eringya's Noxious Bog    Tmut/Pois      3%         N/A       100%        6


Dungeon Overview and Level Annotations

Branches:
Dungeon (7/15)             Temple (1/1) D:7

Altars:
Cheibriados
Dithmenos
Elyvilon
Fedhas
Gozag
Kikubaaqudgha
Makhleb
Nemelex Xobeh
Qazlal
Ru
Sif Muna
Trog
Vehumet
Wu Jian
Xom
Yredelemnul
Zin

Shops:
D:5 [

Annotations:
D:3 2 transporters, Grinder; tiwtych's ghost, amateur MiFi


Message History

Unknown command.
You closely miss the orc.
The orc is severely wounded.
The wall freezes the orc!
You kill the orc!
Vehumet accepts your kill.
Unknown command.
You barely miss the orc priest.
The orc priest is moderately wounded.
The frozen ramparts melt away.
The orc priest mumbles some strange prayers to Beogh against you.
Pain shoots through your body!
Casting: Stone Arrow (dangerous; 19% risk of failure)
Confirm with . or Enter, or press ? or * to list all spells.
Aiming: Freeze (safe; 1% risk of failure)
Press: ? - help, Shift-Dir - straight line, f - orc priest
Aim: an orc priest, wielding a +0 mace (moderately wounded)
You freeze the orc priest.
The orc priest is heavily wounded.
The orc priest completely misses you.
Casting: Freeze (safe; 1% risk of failure)
Confirm with . or Enter, or press ? or * to list all spells.
Aiming: Freeze (safe; 1% risk of failure)
Press: ? - help, Shift-Dir - straight line, f/p - orc priest
Aim: an orc priest, wielding a +0 mace (heavily wounded)
You freeze the orc priest.
The orc priest is almost dead.
The orc priest mumbles some strange prayers to Beogh against you.
Pain shoots through your body!
* * * LOW HITPOINT WARNING * * *
Casting: Freeze (safe; 1% risk of failure)
Confirm with . or Enter, or press ? or * to list all spells.
Aiming: Freeze (safe; 1% risk of failure)
Press: ? - help, Shift-Dir - straight line, f/p - orc priest
Aim: an orc priest, wielding a +0 mace (almost dead)
You freeze the orc priest.
The orc priest is almost dead.
The orc priest calls down the wrath of Beogh upon you.
Beogh smites you!
You die...

#.....#'#### #..
#.....#.# ...
#.....#.# ...
#.....#.# ###
##...##.#
.##.####.#.##.#...
...<............#
##########.##.#.#
.......@...# #
####..o##### +.))
#... ..... #.....
#..... #.....


You could see an orc priest.

Vanquished Creatures
  Eustachio (D:6)
  Edmund (D:4)
  A sky beast (D:6)
  2 ogres
  A scorpion (D:4)
  6 hounds
  2 orc priests
  3 iguanas
  2 sleepcaps (D:6)
  Jessica (D:2)
  Natasha (D:3)
  7 orc wizards
  Robin (D:2)
  3 gnolls (D:4)
  9 adders
  2 white imps (D:6)
  An ufetubus (D:7)
  A worm (D:3)
  A dart slug (D:2)
  22 orcs
  4 endoplasms
  13 goblins
  7 hobgoblins
  7 jackals
  2 quokkas
  5 ball pythons
  6 bats
  2 frilled lizards
  5 kobolds
  3 rats
122 creatures vanquished.

Notes
Turn   | Place    | Note
-------+----------+-------------------------------------------
     0 | D:1      | Arctor the Human Ice Elementalist began the quest for the
                  | Orb.
     0 | D:1      | Reached XP level 1. HP: 13/13 MP: 3/3
   266 | D:1      | Found a faded altar of an unknown god.
   328 | D:1      | Reached XP level 2. HP: 18/19 MP: 3/5
   965 | D:2      | Noticed Jessica
   974 | D:2      | Killed Jessica
   975 | D:2      | Reached XP level 3. HP: 15/24 MP: 1/6
  1105 | D:2      | Learned a level 3 spell: Frozen Ramparts
  1109 | D:2      | Learned a level 3 spell: Ozocubu's Armour
  1188 | D:2      | Reached XP level 4. HP: 30/30 MP: 7/7
  1495 | D:2      | Noticed Robin
  1520 | D:2      | Killed Robin
  1521 | D:2      | Reached XP level 5. HP: 29/35 MP: 9/9
  2071 | D:3      | Learned a level 2 spell: Passwall
  2163 | D:3      | Found a transporter.
  2164 | D:3      | Noticed an ogre
  2164 | D:3      | Noticed tiwtych's ghost (amateur MiFi)
  2166 | D:3      | Identified the +5 great mace "Grim" {heavy, Fly rElec rC+
                  | Stlth+}
  2166 | D:3      | Noticed an ogre
  2171 | D:3      | Found a transporter.
  2281 | D:3      | Noticed Grinder
  2283 | D:3      | Noticed Natasha
  2288 | D:3      | Killed Natasha
  2288 | D:3      | Paralysed by Grinder for 4 turns
  2374 | D:3      | Paralysed by Grinder for 3 turns
  2441 | D:4      | Reached XP level 6. HP: 30/41 MP: 10/10
  2527 | D:4      | Found a shimmering altar of Xom.
  2527 | D:4      | Found a glowing silver altar of Zin.
  2527 | D:4      | Noticed an angel
  2533 | D:4      | Reached skill level 5 in Ice Magic
  2707 | D:4      | Identified the +2 plate armour "Bahodwot" {Contam rCorr
                  | Dex+5}
  2719 | D:4      | Learned a level 3 spell: Stone Arrow
  2909 | D:4      | Reached XP level 7. HP: 44/46 MP: 12/12
  2973 | D:4      | Found a bloodstained altar of Trog.
  2973 | D:4      | Found a white marble altar of Elyvilon.
  3197 | D:5      | Entered Level 5 of the Dungeon
  3197 | D:5      | Noticed Edmund
  3211 | D:4      | Killed Edmund
  3592 | D:5      | Found Payc's Armour Boutique.
  4224 | D:5      | Reached XP level 8. HP: 52/52 MP: 14/14
  4348 | D:6      | Reached skill level 5 in Stealth
  4689 | D:6      | Reached skill level 5 in Dodging
  4893 | D:6      | Noticed Eustachio
  4913 | D:6      | Killed Eustachio
  5038 | D:6      | Reached skill level 5 in Spellcasting
  5456 | D:7      | Found a staircase to the Ecumenical Temple.
  5590 | Temple   | Entered the Ecumenical Temple
  5722 | Temple   | Became a worshipper of Vehumet
  5786 | D:7      | Reached XP level 9. HP: 40/57 MP: 16/16
  5979 | D:7      | Killed from afar by an orc priest

Illustrated notes

Levels and vault maps discovered:
D:1:      dpeg_arrival_water_temple_mockup, layout_basic,
          chequers_ecumenical_altar_simple_redux,
          chequers_serial_rivers_small_a, minivault_19, minmay_pentomino_u2
D:2:      layout_rooms, serial_bayou_crossing, uniq_jessica, uniq_robin
D:3:      layout_basic, gammafunk_ghost_smash, hex_intersection, uniq_natasha,
          uniq_grinder
D:4:      layout_loops_ring, grunt_temple_overflow_order_and_chaos_1,
          gammafunk_temple_overflow_wave, serial_glass, glass_columns_a,
          glass_columns_b, glass_columns_a, glass_columns_b, glass_columns_b,
          glass_columns_c, glass_columns_a, glass_columns_a, glass_columns_a,
          glass_columns_b, glass_columns_a, glass_columns_b, glass_columns_b,
          glass_columns_a, feat_on_display, feat_on_display
D:5:      layout_basic, serial_shops, nicolae_shop_window_shopping, uniq_edmund
D:6:      layout_rooms, kennysheep_decorative_pillar, hex_tiny, uniq_eustachio
D:7:      layout_basic, general_overflow_altar, minmay_temple_entry_proselytizer
Temple:   bh_familiar_temple

Skill      XL: |  1  2  3  4  5  6  7  8  9 |
---------------+----------------------------+-----
Stealth        | 3 4 5 6 |  6.0
Dodging        | 3 4 5 |  5.5
Spellcasting   | 3 4 5 |  5.1
Ice Magic      | 5 6 |  6.5
Earth Magic    | |  0.7

Action                     |  1- 3 |  4- 6 |  7- 9 || total
---------------------------+-------+-------+-------++-------
  Melee: Unarmed           |     6 |       |       ||     6
         Dagger            |     9 |    13 |    19 ||    41
  Throw: Boomerang         |       |       |     9 ||     9
   Cast: Freeze            |    22 |    63 |   101 ||   186
         Frozen Ramparts   |       |     8 |    15 ||    23
         Ozocubu's Armour  |       |     1 |     1 ||     2
         Stone Arrow       |       |       |     6 ||     6
    Use: Scroll            |       |     1 |     3 ||     4
         Potion            |       |       |     1 ||     1
   Stab: Sleeping          |     3 |     2 |     2 ||     7
 Armour: Robe              |    11 |    13 |    17 ||    41
  Dodge: Dodged            |    22 |    28 |   113 ||   163
